 Dungeon Crawl Stone Soup version 0.21.1-1-g345015f (webtiles) character file.

113695 letownia2 the Brawler (level 16, -3/150 HPs)
             Began as a Troll Hunter on Feb 24, 2018.
             Was the Champion of Wu Jian.
             Slain by a harpy (9 damage)
             ... on level 4 of the Shoals on Feb 25, 2018.
             The game lasted 01:41:55 (10904 turns).

letownia2 the Brawler (Troll Hunter)               Turns: 10904, Time: 01:41:55

Health: -3/150     AC: 14    Str: 24    XL:     16   Next: 14%
Magic:  27/27      EV:  9    Int: 16    God:    Wu Jian [******]
Gold:   2365       SH: 25    Dex: 11    Spells: 0/15 levels left

rFire    + . .     SeeInvis .     - Unarmed
rCold    + . .     Gourm    +   p - +4 large shield {rC+ rF+}
rNeg     . . .     Faith    .   K - +0 acid dragon scales
rPois    .         Spirit   .   G - +3 hat of Pondering {ponderous, MR+ MP+10 Int+5}
rElec    .         Reflect  +   U - +1 cloak {MR+}
rCorr    +         Harm     .   (gloves unavailable)
MR       +++..                  (boots unavailable)
Stlth    +.........             j - +2 amulet of reflection
HPRegen  0.75/turn              e - ring of wizardry
MPRegen  0.20/turn              Q - ring of wizardry

@: slow
A: large, unfitting armour, claws 3, fast metabolism 3, gourmand, regeneration
1, shaggy fur 1, tough skin 2
a: Wall Jump, Serpent's Lash, Heavenly Storm, Renounce Religion


You were on level 4 of the Shoals.
You worshipped Wu Jian.
Wu Jian was exalted by your worship.
You were full.

You visited 5 branches of the dungeon, and saw 27 of its levels.
You also visited: Labyrinth.

You collected 2365 gold pieces.

Inventory:

Hand Weapons
 c - a +6 blowgun
 D - a +2 falchion of flaming
 I - the +8 morningstar of Ymogh {drain, MR+ Stlth+}
   (You found it in a labyrinth)

   A truly terrible weapon, it drains the life of those it strikes.
   It affects your resistance to hostile enchantments.
   It makes you more stealthy.
Missiles
 t - 4 throwing nets
 L - 16 large rocks (quivered)
 M - 8 curare-tipped needles
Armour
 p - a +4 large shield of resistance (worn)
 E - a +2 cloak of invisibility
 G - the +3 hat of Pondering (worn) {ponderous, MR+ MP+10 Int+5}
   (You took it off Gastronok on level 10 of the Dungeon)

   It affects your intelligence (+5).
   It affects your resistance to hostile enchantments.
   It affects your magic capacity (+10).
 K - +0 acid dragon scales (worn)
 U - a +1 cloak of magic resistance (worn)
Magical Staves
 s - an uncursed staff of fire
 v - an uncursed staff of wizardry
 z - an uncursed staff of cold
Jewellery
 e - a ring of wizardry (left claw)
 j - a +2 amulet of reflection (around neck)
 o - an uncursed ring of protection from cold
 H - an uncursed ring of protection from magic {unknown}
 Q - a ring of wizardry (right claw)
 W - an uncursed amulet of rage
Wands
 g - a wand of flame (4)
 h - a wand of digging (14)
 u - a wand of disintegration (9)
 B - a wand of paralysis (15)
 C - a wand of iceblast (8)
 N - a wand of acid (4)
 O - a wand of clouds (3)
Scrolls
 i - a scroll of blinking
 m - 3 scrolls of holy word
 q - a scroll of magic mapping
 x - 3 scrolls of immolation
 y - 4 scrolls of fog
 J - 4 scrolls of teleportation
 P - 2 scrolls of amnesia
 S - 2 scrolls of fear
Potions
 a - a potion of berserk rage
 b - 2 potions of magic
 k - a potion of ambrosia
 l - a potion of mutation
 n - 5 potions of brilliance
 r - 2 potions of flight
 w - 5 potions of curing
 T - 2 potions of heal wounds
 X - 2 potions of lignification
Books
 F - a book of Enchantments

   Spells                             Type                      Level
   a - Cause Fear                     Hexes                        4
   b - Yara's Violent Unravelling     Hexes/Transmutation          5
   c - Silence                        Hexes/Air                    5
   d - Deflect Missiles               Charms/Air                   6
   e - Discord                        Hexes                        8
 V - a book of Clouds

   Spells                             Type                      Level
   a - Poisonous Vapours              Poison/Air                   2
   b - Mephitic Cloud                 Conjuration/Poison/Air       3
   c - Conjure Flame                  Conjuration/Fire             3
   d - Freezing Cloud                 Conjuration/Ice/Air          6
   e - Ring of Flames                 Charms/Fire                  7
Miscellaneous
 d - a lightning rod (4/4)
 R - a lamp of fire
 Y - a fan of gales
Comestibles
 f - 31 rations


   Skills:
 - Level 7.8 Fighting
 - Level 3.6 Throwing
 - Level 3.0 Dodging
 - Level 0.3 Stealth
 + Level 12.9 Shields
 - Level 19.6 Unarmed Combat
 + Level 0.1 Spellcasting
 - Level 2.4 Conjurations
 - Level 2.4 Translocations
 - Level 3.0 Fire Magic
 - Level 2.2 Air Magic
 - Level 2.4 Poison Magic
 - Level 3.7 Evocations


You couldn't memorise any spells.
You knew the following spells:

 Your Spells              Type           Power        Failure   Level  Hunger
a - Magic Dart            Conj           #...         5%          1    ##.....
b - Blink                 Tloc           N/A          8%          2    ###....
c - Conjure Flame         Conj/Fire      #.......     13%         3    ####...
e - Mephitic Cloud        Conj/Pois/Air  #.......     16%         3    ####...
i - Call Imp              Summ           #.......     19%         2    ###....
p - Poisonous Vapours     Pois/Air       #.....       8%          2    ###....
s - Swiftness             Chrm/Air       #.......     13%         2    ###....


Dungeon Overview and Level Annotations

Branches:
Dungeon (14/15)            Temple (1/1) D:4            Lair (6/6) D:11
 Shoals (4/4) Lair:2          Orc (2/2) D:11            Elf (0/3) Orc:2
  Snake: Lair:2-4    Spider: Lair:2-4     Slime: Lair:5-6    Vaults: D:13-14

Altars:
Cheibriados
Elyvilon
Hepliaklqana
Kikubaaqudgha
Nemelex Xobeh
Qazlal
Ru
Sif Muna
Trog
Wu Jian
The Shining One

Shops:
D:13 (   Orc:2 %:?:   Shoals:4 *


Innate Abilities, Weirdness & Mutations

You are too large for most types of armour.
You have claws for hands.
Your metabolism is lightning-fast.
You like to eat raw meat.
Your natural rate of healing is unusually fast.
You are covered in fur. (AC +1)
You have very tough skin. (AC +2)


Message History

Unknown command.
You closely miss the harpy.
The harpy is almost dead.
The harpy screeches! x2
The harpy claws you but does no damage. x2; You block the harpy's attack.
The harpy barely misses you.
The snapping turtle bites you from afar!
You block the harpy's attack. x2
You scratch the harpy but do no damage.
The harpy is almost dead.
You block the harpy's attack. x2; The harpy claws you! x2
* * * LOW HITPOINT WARNING * * *
The harpy barely misses you. The harpy claws you!
* * * LOW HITPOINT WARNING * * *
The merfolk hits you from afar with a trident!
* * * LOW HITPOINT WARNING * * *
The harpy claws you!
* * * LOW HITPOINT WARNING * * *
The harpy claws you!
You die...

≈≈≈≈≈≈≈≈≈≈≈≈≈≈≈
≈≈≈≈≈≈≈≈≈≈≈≈≈≈≈≈
≈≈≈≈≈≈≈≈≈≈≈≈≈≈≈≈
≈≈≈≈≈≈...∩≈≈≈≈
≈≈≈≈≈.....%≈≈
≈≈≈≈.......#
≈≈≈≈...H..#
≈≈≈≈....@.#
≈≈≈≈..t.HH#
≈≈≈≈....m≈#
≈≈≈≈<..≈≈≈#
≈≈≈≈≈..≈≈≈≈#
≈≈≈..≈≈≈≈≈≈≈≈
≈≈....≈≈≈≈≈≈≈≈
...##..≈≈≈≈≈≈≈≈
≈.. ###.≈≈≈≈≈≈≈


You could see a snapping turtle, a merfolk and 3 harpies.

Vanquished Creatures
  Rupert (D:14)
  Gastronok (D:10)
  Polyphemus (Shoals:3)
  2 merfolk javelineers
  5 merfolk impalers
  A minotaur (Lab)
  Erolcha (D:11)
  The ghost of KMICIC the Fencer, a journeyman MiFi of Okawaru (D:11)
  A catoblepas (Shoals:3)
  9 hydras
  A merfolk avatar (Shoals:2)
  4 merfolk aquamancers
  16 two-headed ogres
  A death knight (D:11)
  4 ogre magi (Orc:2)
  12 death yaks
  An orc high priest (D:11)
  Sonja (D:11)
  3 skeletal warriors (D:11)
  6 sea snakes
  An unseen horror (D:11)
  3 phantasmal warriors (D:11)
  2 orc knights (Orc:2)
  7 harpies
  2 ugly things (D:12)
  A deep elf mage (D:14)
  9 manticores
  9 fauns
  A cyclops (D:12)
  3 centaur zombies
  Maurice (D:10)
  2 merfolk sirens
  2 water nymphs
  13 elephants
  3 black mambas
  7 spiny frogs
  A kobold demonologist (D:11)
  3 komodo dragons
  7 rime drakes
  7 trolls
  21 merfolk
  5 polar bears
  5 dream sheep
  8 hippogriffs
  4 blink frogs (Lair:6)
  The ghost of KMICIC the Slasher, an amateur DsGl (D:5)
  3 wind drakes
  5 hornets
  4 snapping turtles
  11 spriggans (Lair:6)
  8 water elementals
  A wyvern (Lair:5)
  2 wraiths
  23 yaks
  4 basilisks
  A steam dragon (Lair:2)
  5 hungry ghosts
  7 vampire mosquitoes
  An insubstantial wisp (D:12)
  6 wargs
  10 porcupines
  20 orc warriors
  9 water moccasins
  3 swamp drakes (D:12)
  5 black bears
  An ice beast (D:5)
  4 phantoms
  2 eyes of draining
  21 wolves
  32 ogres
  4 boggarts (Lair:6)
  2 centaurs
  5 crocodiles
  3 big kobolds (D:8)
  14 bullfrogs
  A gnoll sergeant (D:10)
  3 scorpions
  A troll zombie (D:11)
  A crimson imp (D:11)
  2 bullfrog zombies
  10 orc priests
  4 centaur skeletons
  3 jellies
  3 iguanas
  18 orc wizards
  11 worker ants
  7 ogre zombies (D:11)
  A hound skeleton (D:11)
  4 adders
  8 gnolls
  2 shadow imps (D:12)
  An ooze (D:2)
  An adder skeleton (D:8)
  3 dart slugs
  3 leopard geckos
  57 orcs
  3 giant cockroaches
  A goblin (D:2)
  9 hobgoblins
  9 jackals
  3 kobolds
  6 quokkas
  3 ball pythons
  2 bats
  4 frilled lizards
  3 goblin zombies (D:11)
  2 hobgoblin skeletons (D:11)
  3 hobgoblin zombies (D:11)
  A jackal skeleton (D:9)
  A leopard gecko skeleton (D:6)
  A leopard gecko zombie (D:7)
  3 orc skeletons (D:11)
  14 orc zombies (D:11)
  A quokka skeleton (D:9)
  6 rats
635 creatures vanquished.

Vanquished Creatures (others)
  Nessos (Lair:4)
  A merfolk aquamancer (Shoals:1)
  A satyr (Shoals:3)
  21 fungi
  20 plants
44 creatures vanquished.

Grand Total: 679 creatures vanquished

Notes
Turn   | Place    | Note
-------+----------+-------------------------------------------
     0 | D:1      | letownia2 the Troll Hunter began the quest for the Orb.
     0 | D:1      | Reached XP level 1. HP: 19/19 MP: 0/0
    70 | D:1      | Reached skill level 1 in Unarmed Combat
    92 | D:1      | Reached XP level 2. HP: 27/27 MP: 1/1
   158 | D:1      | Reached skill level 2 in Unarmed Combat
   262 | D:2      | Reached XP level 3. HP: 32/33 MP: 2/2
   336 | D:2      | Reached skill level 3 in Unarmed Combat
   362 | D:2      | Reached XP level 4. HP: 39/41 MP: 3/3
   442 | D:4      | Found a staircase to the Ecumenical Temple.
   449 | D:4      | Reached skill level 4 in Unarmed Combat
   450 | D:4      | Noticed an ogre
   465 | D:4      | Killed an ogre
   465 | D:4      | Reached skill level 5 in Unarmed Combat
   465 | D:4      | Reached XP level 5. HP: 35/48 MP: 4/4
   529 | Temple   | Entered the Ecumenical Temple
   538 | Temple   | Became a worshipper of the Wu Jian Council
   593 | D:5      | Entered Level 5 of the Dungeon
   593 | D:5      | Noticed KMICIC's ghost (amateur DsGl)
   614 | D:5      | Killed KMICIC's ghost
   614 | D:5      | Reached skill level 6 in Unarmed Combat
   614 | D:5      | Reached XP level 6. HP: 13/55 MP: 5/5
   641 | D:6      | Noticed an orc warrior
   679 | D:5      | Reached skill level 7 in Unarmed Combat
   847 | D:5      | Noticed an ice beast
   854 | D:5      | Killed an ice beast
   854 | D:5      | Reached XP level 7. HP: 52/62 MP: 6/6
   931 | D:4      | Reached skill level 8 in Unarmed Combat
  1029 | D:5      | You fall through a shaft!
  1157 | D:8      | Reached skill level 9 in Unarmed Combat
  1221 | D:9      | Noticed a two-headed ogre
  1226 | D:9      | Killed a two-headed ogre
  1226 | D:9      | Reached * piety under Wu Jian
  1226 | D:9      | Reached skill level 10 in Unarmed Combat
  1226 | D:9      | Reached XP level 8. HP: 70/70 MP: 7/7
  1229 | D:9      | Noticed a troll
  1243 | D:8      | Reached skill level 11 in Unarmed Combat
  1424 | D:9      | Noticed a two-headed ogre
  1432 | D:9      | Killed a two-headed ogre
  1432 | D:9      | Reached XP level 9. HP: 69/83 MP: 8/8
  1523 | D:9      | Reached skill level 12 in Unarmed Combat
  1535 | D:9      | Killed a troll
  1815 | D:8      | Reached ** piety under Wu Jian
  1826 | D:8      | Reached skill level 5 in Fighting
  1836 | D:8      | Reached XP level 10. HP: 51/96 MP: 9/9
  1869 | D:8      | Noticed a three-headed hydra
  1913 | D:8      | Killed a one-headed hydra
  1913 | D:8      | Reached skill level 13 in Unarmed Combat
  2275 | D:10     | Entered Level 10 of the Dungeon
  2275 | D:10     | Noticed Maurice
  2282 | D:10     | Killed Maurice
  2707 | D:10     | Noticed Gastronok
  2944 | D:10     | Killed Gastronok
  2944 | D:10     | Reached skill level 14 in Unarmed Combat
  2960 | D:10     | Learned a level 2 spell: Call Imp
  2984 | D:11     | Reached XP level 11. HP: 104/107 MP: 10/10
  3030 | D:11     | Noticed a two-headed ogre
  3033 | D:11     | Found a staircase to the Lair.
  3050 | D:11     | Killed a two-headed ogre
  3111 | D:11     | Noticed a skeletal warrior
  3111 | D:11     | Noticed a skeletal warrior
  3111 | D:11     | Noticed a skeletal warrior
  3111 | D:11     | Noticed a skeletal warrior
  3111 | D:11     | Noticed a skeletal warrior
  3119 | D:11     | Killed a skeletal warrior
  3119 | D:11     | Reached *** piety under Wu Jian
  3119 | D:11     | Reached skill level 15 in Unarmed Combat
  3236 | D:11     | Found a staircase to the Orcish Mines.
  3236 | D:11     | Noticed a phantasmal warrior
  3264 | D:11     | Killed a phantasmal warrior
  3374 | D:11     | Noticed Erolcha
  3391 | D:11     | Killed Erolcha
  3435 | D:11     | Reached **** piety under Wu Jian
  3444 | D:11     | Noticed a phantasmal warrior
  3445 | D:11     | Noticed an eight-headed hydra
  3445 | D:11     | Noticed a phantasmal warrior
  3456 | D:11     | Noticed a death knight
  3457 | D:11     | Killed a phantasmal warrior
  3457 | D:11     | Reached skill level 16 in Unarmed Combat
  3482 | D:11     | Killed a death knight
  3498 | D:11     | HP: 4/109 [phantasmal warrior[a death knight] (15)]
  3499 | D:11     | Killed a phantasmal warrior
  3584 | Orc:1    | Entered Level 1 of the Orcish Mines
  3767 | Orc:1    | Noticed an orc high priest
  3804 | D:11     | Killed an orc high priest
  3804 | D:11     | Reached XP level 12. HP: 113/119 MP: 11/11
  3901 | Orc:2    | Entered Level 2 of the Orcish Mines
  3917 | Orc:2    | Noticed a two-headed ogre
  3918 | Orc:2    | Noticed a two-headed ogre
  3921 | Orc:2    | Noticed a two-headed ogre
  4065 | Orc:2    | Noticed an ogre mage
  4221 | D:11     | Noticed KMICIC's ghost (journeyman MiFi)
  4224 | D:11     | Paralysed by a hornet for 1 turns
  4227 | D:11     | Reached ***** piety under Wu Jian
  4238 | D:11     | Killed KMICIC's ghost
  4303 | D:11     | Killed an eight-headed hydra
  4303 | D:11     | Reached skill level 17 in Unarmed Combat
  4408 | Lair:1   | Entered Level 1 of the Lair of Beasts
  4508 | Lair:2   | Noticed a six-headed hydra
  4515 | Lair:2   | Killed an 11-headed hydra
  4565 | Lair:3   | Reached skill level 1 in Evocations
  4705 | Lair:2   | Noticed a five-headed hydra
  4714 | Lair:2   | Killed a nine-headed hydra
  4881 | Lair:3   | Reached skill level 1 in Shields
  4931 | Lair:4   | Noticed Nessos
  4931 | Lair:4   | Noticed a five-headed hydra
  4947 | Lair:4   | Killed Nessos
  4947 | Lair:4   | Reached XP level 13. HP: 80/127 MP: 14/14
  5059 | Lair:4   | Found a labyrinth entrance.
  5094 | Lab      | Entered a labyrinth
  5794 | Lab      | Noticed a minotaur
  5812 | Lab      | HP: 3/127 [minotaur/staff of power (14)]
  5813 | Lab      | Killed a minotaur
  5830 | Lab      | Got an ivory morningstar
  5831 | Lab      | Identified the +8 morningstar of Ymogh {drain, MR+ Stlth+} (You found it in a labyrinth)
  6161 | Lair:3   | Reached skill level 5 in Shields
  6243 | Lair:1   | Learned a level 5 spell: Silence
  6307 | D:11     | Learned a level 2 spell: Blink
  6311 | D:11     | Learned a level 3 spell: Conjure Flame
  6316 | D:11     | Learned a level 3 spell: Mephitic Cloud
  6318 | D:11     | Learned a level 1 spell: Magic Dart
  6351 | D:11     | Noticed Sonja
  6353 | D:11     | Killed Sonja
  6763 | D:12     | Found a bloodstained altar of Trog.
  6910 | Orc:2    | Found a staircase to the Elven Halls.
  6966 | Orc:2    | Reached ****** piety under Wu Jian
  7228 | Orc:2    | Reached XP level 14. HP: 46/135 MP: 15/15
  7307 | Orc:2    | Reached skill level 1 in Poison Magic
  7315 | Orc:2    | Reached skill level 1 in Conjurations
  7315 | Orc:2    | Reached skill level 1 in Translocations
  7315 | Orc:2    | Reached skill level 1 in Air Magic
  7336 | Orc:2    | Found Poshreug's Book Boutique.
  7336 | Orc:2    | Found Koehar's Book Shoppe.
  7339 | Orc:2    | Found Gupsue's Magic Scroll Shoppe.
  7339 | Orc:2    | Found Qudetur's Food Shop.
  7823 | D:13     | Found Entomathewk's Antique Weapon Shop.
  7910 | D:14     | Noticed Rupert
  7933 | D:14     | Killed Rupert
  8014 | D:14     | Learned a level 2 spell: Poisonous Vapours
  8262 | Lair:4   | Reached skill level 1 in Fire Magic
  8342 | Lair:5   | Reached skill level 18 in Unarmed Combat
  8378 | Lair:6   | Entered Level 6 of the Lair of Beasts
  8648 | Lair:6   | Identified a scroll of acquirement
  8810 | Lair:6   | Reached XP level 15. HP: 116/143 MP: 16/16
  8822 | Lair:6   | Reached skill level 19 in Unarmed Combat
  9477 | Lair:2   | Found a staircase to the Shoals.
  9491 | Shoals:1 | Entered Level 1 of the Shoals
  9574 | Shoals:1 | HP: 4/143 [merfolk/glaive (18)]
  9587 | Shoals:1 | Reached skill level 10 in Shields
 10580 | Shoals:3 | Noticed Polyphemus
 10609 | Shoals:3 | Killed Polyphemus
 10650 | Shoals:3 | Reached XP level 16. HP: 116/150 MP: 17/17
 10658 | Shoals:4 | Entered Level 4 of the Shoals
 10700 | Shoals:3 | Learned a level 2 spell: Swiftness
 10897 | Shoals:4 | Found Xifoew's Assorted Antiques.
 10904 | Shoals:4 | HP: 6/150 [harpy (9)]
 10904 | Shoals:4 | Slain by a harpy

Skill      XL: |  1  2  3  4  5  6  7  8  9 10 11 12 13 14 15 |
---------------+----------------------------------------------+-----
Unarmed Combat | 1 2 3 5 6 7 10 11 12 14 16 17 18 19 | 19.6
Fighting       | 3 5 6 7 |  7.8
Dodging        | 2 3 |  3.0
Evocations     | 3 |  3.7
Shields        | 3 9 12 | 12.9
Poison Magic   | 2 |  2.4
Conjurations   | 2 |  2.4
Translocations | 2 |  2.4
Air Magic      | 2 |  2.2
Fire Magic     | 3 |  3.0
Throwing       | |  3.6
Stealth        | |  0.3
Spellcasting   | |  0.1

Action                   |  1- 3 |  4- 6 |  7- 9 | 10-12 | 13-15 | 16-18 || total
-------------------------+-------+-------+-------+-------+-------+-------++-------
Melee: Unarmed           |    98 |    55 |   173 |   572 |  1172 |    77 ||  2147
       Punch             |       |       |     6 |    34 |       |       ||    40
       Falchion          |       |       |       |     8 |     5 |       ||    13
       Blowgun           |       |       |       |       |     1 |       ||     1
 Fire: Blowgun           |       |       |       |       |    13 |       ||    13
Throw: Throwing net      |       |     1 |     2 |     3 |       |       ||     6
       Large rock        |       |       |       |     6 |    29 |       ||    35
 Cast: Conjure Flame     |       |       |       |       |    23 |     2 ||    25
       Mephitic Cloud    |       |       |       |       |    31 |     2 ||    33
       Blink             |       |       |       |       |     6 |     3 ||     9
Invok: Lunge             |       |     5 |    20 |    61 |   126 |     4 ||   216
       Whirlwind         |       |       |     8 |    66 |   155 |     2 ||   231
       Wall Jump         |       |       |       |    15 |    33 |     1 ||    49
       Serpent's Lash    |       |       |       |     2 |     1 |       ||     3
Evoke: Wand              |       |       |     5 |    52 |    23 |     1 ||    81
       Lightning rod     |       |       |       |       |     2 |       ||     2
  Use: Scroll            |       |       |       |    16 |    24 |     1 ||    41
       Potion            |       |       |       |     3 |     2 |       ||     5
 Stab: Sleeping          |       |     1 |     1 |       |       |       ||     2
       Held in net/web   |       |       |     1 |     1 |       |       ||     2
       Confused          |       |       |       |       |     8 |       ||     8
       Paralysed         |       |       |       |       |     2 |       ||     2
  Eat: Chunk             |     7 |     2 |    17 |    38 |    67 |     2 ||   133
Armor: Robe              |    38 |     9 |    16 |       |       |       ||    63
       Troll leather arm |       |       |    12 |   169 |    49 |       ||   230
       Skin              |       |       |       |     1 |    11 |       ||    12
       Acid dragon scale |       |       |       |       |   142 |    23 ||   165
Dodge: Dodged            |    62 |     9 |    40 |   175 |   189 |    18 ||   493
Block: Other             |       |     3 |    10 |    34 |       |       ||    47
       Reflection        |       |       |     2 |     4 |    41 |     5 ||    52
       Shield            |       |       |       |    13 |   378 |       ||   391
       Large shield      |       |       |       |       |   179 |    94 ||   273
       Rpst.: Falchion   |       |       |       |     1 |       |       ||     1
